 Dungeon Crawl Stone Soup version 0.31.0-7-gf635a9b802 (webtiles) character file.

Game seed: 15434257596127584313

234 jagang the Trooper (level 6, -1/44 HPs)
             Began as a Human Monk on Jan 23, 2024.
             Was an Elder of Hepliaklqana.
             Slain by an ogre
             ... wielding a +0 giant spiked club
              (17 damage)
             ... on level 4 of the Dungeon.
             The game lasted 00:07:37 (2584 turns).

jagang the Trooper (Human Monk)                     Turns: 2584, Time: 00:07:37

Health: -1/44      AC: 10    Str: 12    XL:     6   Next: 5%
Magic:  6/6        EV:  7    Int: 10    God:    Hepliaklqana [****..]
Gold:   195        SH:  0    Dex: 17    Spells: 5/5 levels left

rFire   . . .        a - +0 falchion
rCold   . . .        d - orb {light}
rNeg    . . .        y - +0 chain mail
rPois   .            (no helmet)
rElec   .            (no cloak)
rCorr   .            l - +0 pair of gloves
SInv    .            (no boots)
Will    .....        (no amulet) Stlth
                     (no ring)
HPRegen 0.27/turn    (no ring)
MPRegen 0.10/turn

%: no passive effects
@: glowing
A: reduced essence, explore regen
a: Renounce Religion, Ancestor Life: Knight, Ancestor Life: Battlemage, Ancestor
Life: Hexer, Recall Ancestor, Ancestor Identity, Transference, Idealise


You were on level 4 of the Dungeon.
You worshipped Hepliaklqana.
Hepliaklqana was greatly pleased with you.
You visited 1 branch of the dungeon, and saw 4 of its levels.

You collected 195 gold pieces.

Inventory:

Hand Weapons
 a - a +0 falchion (weapon)
 n - a +2 dagger of venom
Armour
 d - an orb of light (worn)
 l - a +0 pair of gloves (worn)
 y - a +0 chain mail (worn)
Jewellery
 h - an amulet of faith
 k - a +6 ring of intelligence
 z - a ring of see invisible
Scrolls
 e - 5 scrolls of identify {unknown}
 g - a scroll of revelation {unknown}
 i - a scroll of silence {unknown}
 j - a scroll of fog {unknown}
 o - 2 scrolls of teleportation {unknown}
 u - 2 scrolls of enchant weapon {unknown}
 w - a scroll of amnesia {unknown}
Potions
 b - a potion of resistance {unknown}
 c - a potion of ambrosia
 f - 2 potions of attraction {unknown}
 m - 2 potions of enlightenment {unknown}
 p - a potion of degeneration {unknown}
 q - 2 potions of heal wounds {unknown}
 r - a potion of might {unknown}
 t - a potion of mutation {unknown}
 v - a potion of curing {unknown}
 x - a potion of haste {unknown}


   Skills:
 * Level 4.5 Fighting
 * Level 4.4 Long Blades
 * Level 3.0 Armour
 - Level 3.0 Dodging


You had 5 spell levels left.
You didn't know any spells.
Your spell library contained the following spells:

 Spells                   Type           Power      Damage    Failure   Level
 Call Imp                 Summ           0%         N/A       100%        2
 Scorch                   Fire           0%         2d5       100%        2
 Sublimation of Blood     Necr           0%         N/A       100%        2
 Flame Wave               Conj/Fire      0%         2d4       100%        4
 Summon Cactus Giant      Summ           0%         N/A       100%        6
 Summon Hydra             Summ           0%         N/A       100%        7


Dungeon Overview and Level Annotations

Branches:
Dungeon (4/15)
 Temple: D:4-7

Altars:
Hepliaklqana


Innate Abilities, Weirdness & Mutations

Your life essence is reduced to manifest your ancestor. (-10% HP)
You regain HP and MP as you explore.


Message History

The dart slug is moderately wounded.
You hit the dart slug.
The dart slug is heavily wounded.
The dart slug launches a dart at you. The slug dart hits you.
A dart slug is nearby!
You slash the dart slug!
You kill the dart slug!
No target in view!
HP restored.
You swap places.
Found a stone staircase leading up.
An ogre comes into view. It is wielding a +0 giant spiked club.
Found 11 gold pieces.
The ogre shouts!
You throw a poisoned dart.
The poisoned dart barely misses the ogre.
You throw a poisoned dart. The poisoned dart hits the ogre.
You throw a poisoned dart. The poisoned dart hits the ogre.
You throw a poisoned dart. The poisoned dart hits the ogre.
Namzu barely misses the ogre.
A ribbon worm comes into view.
Found a stone staircase leading down.
The ogre hits you with a +0 giant spiked club!!
Ouch! That really hurt!
Namzu hits the ogre.
You are too injured to fight recklessly!
Unknown command.
You barely miss the ogre.
The ogre is lightly wounded.
Namzu hits the ogre.
The ogre completely misses you.
You completely miss the ogre.
The ogre is lightly wounded.
Namzu closely misses the ogre.
The ribbon worm expels a string of sticky webbing.
The stream of webbing hits you but does no damage.
You are caught in a web!
The web tears apart.
The ogre hits you with a +0 giant spiked club!
You die...

#..#...#####.## #.
##.......###..# #.
#..#####....#.# #.##.##
####.#.## > #.#..#
#..... .$####.#.##
#######...
..w....#.###............
.............##########.
.......@.##### ##
.....RO.## # .....(..#
##### ...<(..## ##....
##..... #..### b#.....
####.#### b#.(...
#....R... ~#.....
#....#### #.^###


You could see the friendly Namzu the ancestor, an ogre (ally target), a ribbon
worm (catching breath) and 2 bats.

Vanquished Creatures
  A bombardier beetle (D:4)
  Jessica (D:2)
  A sleepcap (D:4)
  4 adders
  4 dart slugs
  4 ribbon worms
  3 endoplasms
  3 giant cockroaches
  8 goblins
  9 hobgoblins
  2 jackals (D:2)
  A quokka (D:1)
  5 ball pythons
  2 bats (D:1)
  4 frilled lizards
  5 kobolds
  4 rats
61 creatures vanquished.

Vanquished Creatures (collateral kills)
  A bombardier beetle (D:3)
  A hobgoblin (D:3)
  A jackal (D:2)
  A ball python (D:2)
  A goblin (D:2)
5 creatures vanquished.

Vanquished Creatures (others)
  An ancestor (D:4)
1 creature vanquished.

Grand Total: 67 creatures vanquished

Notes
Turn   | Place    | Note
-------+----------+-------------------------------------------
     0 | D:1      | jagang the Human Monk began the quest for the Orb.
     0 | D:1      | Reached XP level 1. HP: 18/18 MP: 1/1
   142 | D:1      | Found a faded altar of an unknown god.
   180 | D:1      | Prayed at the altar of an unknown god.
   180 | D:1      | Became a worshipper of Hepliaklqana the Forgotten
   180 | D:1      | Reached * piety under Hepliaklqana
   180 | D:1      | Reached ** piety under Hepliaklqana
   259 | D:1      | Reached *** piety under Hepliaklqana
   387 | D:1      | Reached XP level 2. HP: 21/21 MP: 2/2
   447 | D:1      | Reached skill level 1 in Armour
   687 | D:2      | Reached XP level 3. HP: 15/26 MP: 3/3
  1088 | D:2      | Reached XP level 4. HP: 28/33 MP: 4/4
  1389 | D:2      | Noticed Jessica
  1395 | D:2      | Killed Jessica
  1681 | D:3      | Reached XP level 5. HP: 29/37 MP: 5/5
  2286 | D:4      | Reached **** piety under Hepliaklqana
  2391 | D:4      | Reached XP level 6. HP: 34/44 MP: 6/6
  2584 | D:4      | Slain by an ogre

Illustrated notes

Levels and vault maps discovered:
D:1:      tarquinn_simple_flora_water_e, layout_loops_ring,
          shapermc_ecumenical_altar_ellora, minmay_3d_cube
D:2:      layout_loops_cross, uniq_jessica
D:3:      wander_river, layout_basic
D:4:      layout_rooms, serial_aquarium, aquarium_bridge_straight
          [aquarium_subvault_bridge, aquarium_subvault_wall,
          aquarium_subvault_bridge, aquarium_subvault_wall], aquarium_window_2,
          aquarium_window_1, aquarium_window_fake, aquarium_view_2a,
          aquarium_pool_1

Skill      XL: |  1  2  3  4  5 |
---------------+----------------+-----
Armour         | 1 2 3 |  3.0
Fighting       | 4 |  4.5
Long Blades    | 4 |  4.4
Dodging        | |  3.0

Action                     |  1- 3 |  4- 6 || total
---------------------------+-------+-------++-------
  Melee: Falchion          |    81 |    70 ||   151
  Throw: Dart              |       |    10 ||    10
 Armour: Scale mail        |    51 |    13 ||    64
         Robe              |     2 |       ||     2
         Chain mail        |       |    26 ||    26
  Dodge: Dodged            |    39 |    32 ||    71
